Map: Turbo Cruise '84 LE

Players

Mez - Winner!

  • Race: Terran Terran
  • League: Master
  • Spawn Location: 7:00

nikita

  • Race: Terran Terran
  • League: Master
  • Spawn Location: 3:00

VOD

Have the link to the VOD?

Description

Time

  • Played on: Aug. 12, 2019, 12:05 p.m.
  • Length: 10:53
Show
View Real Time Build Order
Export as new Build Order

Mez Terran - Winner!

Build Orders: Cyclone Opening 

Get SALT Encoding   

  12  0:01  SCV  
  13  0:14  SCV  
  14  0:17  Supply Depot  
  14  0:26  SCV  
  15  0:39  Refinery, SCV  
  16  0:44  Barracks  
  16  0:51  SCV  
  16  0:55  Refinery  
  17  1:03  SCV  
  18  1:15  SCV  
  19  1:32  Reaper  
  19  1:33  Orbital Command  
  20  1:43  Factory  
  20  1:51  Supply Depot  
  20  1:59  SCV  
  21  2:05  Reaper  
  22  2:11  SCV  
  23  2:28  Factory Tech Lab  
  23  2:31  SCV  
  23  2:33  Command Center  
  24  2:37  Barracks Reactor  
  24  2:43  SCV  
  25  2:44  Supply Depot  
  25  2:48  Cyclone  
  28  2:56  SCV  
  29  3:06  Starport  
  29  3:08  SCV  
  30  3:14  Marine x2  
  32  3:20  Cyclone, SCV  
  36  3:31  Marine x2  
  36  3:33  SCV  
  39  3:45  SCV, Orbital Command  
  39  3:47  Starport Tech Lab  
  40  3:50  Marine x2  
  42  3:59  SCV  
  42  4:00  Raven, Refinery, Factory Tech Lab  
  45  4:11  SCV, Marine x2  
  45  4:13  SCV  
  49  4:23  SCV  
  50  4:25  SCV  
  50  4:35  SCV  
  50  4:37  SCV  
  52  4:45  Marine x2  
  54  4:53  Supply Depot  
  54  4:54  Command Center  
  54  5:02  Supply Depot  
  54  5:13  Raven, Siege Tank, SCV, Marine x2  
  62  5:15  SCV  
  62  5:17  Barracks, Supply Depot  
  62  5:19  Barracks  
  63  5:25  SCV  
  63  5:27  SCV  
  65  5:37  Marine x2  
  65  5:38  SCV  
  65  5:39  SCV  
  65  5:42  Engineering Bay  
  69  5:43  Supply Depot  
  69  5:47  Siege Tank  
  72  5:50  SCV  
  72  5:51  SCV  
  74  6:02  SCV  
  74  6:03  SCV  
  75  6:11  Orbital Command  
  74  6:23  Viking x2, Siege Tank  
  81  6:26  Stimpack, Barracks Reactor x2  
  81  6:27  SCV, Marine  
  81  6:28  SCV, Orbital Command  
  81  6:32  Refinery  
  84  6:37  Terran Infantry Weapons Level 1  
  85  6:40  SCV x2  
  85  6:44  Supply Depot x2  
  86  6:49  Marine  
  86  6:52  SCV x2  
  89  6:54  Barracks  
  89  6:55  Barracks  
  88  7:07  Marine  
  85  7:10  Marine x3  
  85  7:11  Siege Tank, Marine  
  85  7:12  SCV x2  
  92  7:25  Marine  
  92  7:28  Marine  
  90  7:30  Marine x3  
  86  7:37  SCV x3  
  86  7:43  Marine  
  86  7:44  Siege Tank  
  89  7:49  Engineering Bay, SCV, Armory  
  84  7:56  Barracks Reactor  
  84  7:57  Barracks Reactor  
  84  7:59  Supply Depot x2  
  84  8:00  SCV  
  84  8:01  SCV x2  
  84  8:05  Marine x4  
  88  8:06  Marine  
  92  8:13  SCV x2  
  92  8:16  Factory, Medivac x2  
  92  8:17  Siege Tank  
  101  8:20  SCV  
  101  8:22  Supply Depot  
  101  8:23  Terran Infantry Armor Level 1, Marine x5  
  101  8:25  SCV x2  
  109  8:27  Combat Shield  
  109  8:28  Refinery  
  109  8:29  Refinery  
  109  8:32  SCV  
  110  8:37  SCV  
  110  8:41  Marine x5  
  112  8:42  Marine x4  
  116  8:51  Medivac x2  
  117  8:58  Marine  
  117  8:59  Marine x5  
  117  9:00  Marine x3  
  114  9:11  Siege Tank, Factory Tech Lab  
  114  9:16  Marine x2, Command Center  
  114  9:17  Marine x6  
  115  9:18  Marine, Supply Depot  
  115  9:21  Medivac x2  
  115  9:22  Supply Depot  
  127  9:33  Siege Tank  
  127  9:34  Marine x3  
  127  9:35  Marine x4  
  133  9:46  Marine x2  
  135  9:56  Sensor Tower  
  135  9:59  Marine x3  
  136  10:00  Marine x4  
  136  10:02  Sensor Tower  
  136  10:04  Marine x2  
  144  10:17  Marine x7  
  150  10:21  Marine  
  150  10:22  Marine  
  157  10:35  Marine  
Show
View Real Time Build Order
Export as new Build Order

nikita Terran 

Build Orders:  

Get SALT Encoding   

  12  0:02  SCV  
  13  0:14  SCV  
  13  0:17  Supply Depot  
  14  0:26  SCV  
  15  0:29  Refinery  
  15  0:39  SCV  
  16  0:46  Barracks  
  16  0:52  SCV  
  17  0:58  Refinery  
  17  1:04  SCV  
  18  1:16  SCV  
  19  1:21  Supply Depot  
  19  1:34  Reaper  
  19  1:38  Factory  
  20  1:42  SCV  
  21  1:54  SCV  
  22  2:06  Reaper  
  23  2:10  Orbital Command  
  23  2:24  Hellion  
  25  2:38  Reaper  
  26  2:45  Hellion  
  26  2:47  Command Center  
  28  2:58  SCV  
  29  2:59  Starport  
  29  3:09  Supply Depot  
  29  3:10  SCV  
  30  3:15  Barracks Reactor, Factory Tech Lab  
  30  3:22  SCV  
  31  3:34  Cyclone, SCV  
  35  3:41  Starport Tech Lab  
  35  3:48  SCV  
  36  3:51  Marine x2  
  38  3:59  Orbital Command  
  38  4:03  Raven, SCV  
  41  4:11  Marine x2  
  41  4:12  Siege Tank  
  41  4:15  SCV  
  47  4:23  Supply Depot  
  47  4:25  SCV  
  47  4:27  SCV  
  49  4:37  SCV  
  49  4:47  Raven, Command Center  
  49  4:49  Marine x2  
  49  4:50  SCV  
  49  4:52  SCV  
  55  5:03  Barracks  
  55  5:08  Barracks  
  55  5:09  Marine x2  
  55  5:11  SCV x2  
  59  5:15  Refinery  
  59  5:19  Refinery  
  59  5:23  SCV x2  
  61  5:29  Supply Depot  
  61  5:31  Supply Depot  
  61  5:39  Engineering Bay  
  61  5:42  Engineering Bay  
  61  5:45  Stimpack  
  61  5:48  SCV  
  62  5:51  Siege Tank, SCV  
  62  5:53  Barracks Tech Lab  
  62  5:55  Barracks Reactor  
  66  5:59  Orbital Command  
  66  6:02  SCV  
  67  6:06  Viking  
  68  6:20  Viking  
  68  6:22  Terran Infantry Weapons Level 1, Orbital Command  
  68  6:24  Combat Shield  
  69  6:33  Marine x2  
  69  6:34  Marine, Marauder  
  69  6:36  Viking  
  69  6:39  SCV x2  
  78  6:40  Terran Infantry Armor Level 1  
  78  6:51  SCV, Marine x3  
  78  6:52  SCV x2  
  84  6:55  Viking  
  81  7:03  SCV  
  81  7:04  SCV  
  58  7:10  Marine  
  58  7:11  Marine x2, Marauder  
  58  7:12  Siege Tank  
  57  7:28  Marine x2  
  57  7:29  Marauder  
  56  7:32  Marine  
  51  7:40  SCV x3  
  46  7:46  Marine x2  
  46  7:49  Viking  
  46  7:50  Marine x2  
  49  7:52  SCV  
  49  7:53  SCV x2  
  52  8:01  Siege Tank  
  52  8:04  SCV, Marine x2  
  52  8:05  SCV  
  57  8:10  Barracks  
  57  8:12  Barracks  
  57  8:13  Barracks  
  57  8:15  Refinery, SCV  
  57  8:16  Refinery, SCV  
  59  8:21  SCV  
  60  8:30  SCV  
  60  8:32  Marine x2  
  60  8:33  Siege Tank, SCV, Marine, Marauder  
  71  8:34  SCV  
  71  8:38  Viking  
  73  8:42  SCV  
  73  8:45  SCV  
  73  8:46  SCV  
  71  8:54  SCV  
  55  9:04  Marine x2  
  55  9:05  Marauder  
  55  9:07  Siege Tank  
  57  9:11  Marine  
  57  9:16  SCV  
  53  9:21  Marine  
  54  9:25  Barracks Tech Lab  
  54  9:34  SCV x2  
  54  9:35  SCV  
  56  9:39  Marine x2  
  56  9:41  Barracks Reactor  
  56  9:44  Barracks Reactor  
  58  9:46  Concussive Shells  
  58  9:56  Siege Tank  
  58  9:58  Medivac  
  63  10:00  SCV  
  63  10:07  Marine x3  
  63  10:09  Marine  
Tags
 
Add a new tag
Caveats
  • Supply blocks, unpowered buildings, or Contaminate may cause inaccurate times.
  • Supply counts are checked every 10 seconds.